 Dungeon Crawl Stone Soup version 0.27.1-37-g7b29ead8ac (console) character file.

Game seed: 7179770656055190213

1087 grimtooth the Cleaver (level 8, -4/67 HPs)
             Began as a Palentonga Delver on Dec 10, 2023.
             Killed from afar by Dowan (20 damage)
             ... with a shard of ice
             ... on level 5 of the Dungeon.
             The game lasted 00:22:26 (6993 turns).

grimtooth the Cleaver (Palentonga Delver)           Turns: 6993, Time: 00:22:27

Health: -4/67      AC: 11    Str: 18    XL:     8   Next: 9%
Magic:  8/8        EV:  9    Int: 13    God:
Gold:   109        SH:  0    Dex:  6    Spells: 7/7 levels left

rFire    . . .     SeeInvis +   b - +11 whip {speed, rElec rCorr Int+2 Dex-5}
rCold    . . .     Faith    .   (no shield)
rNeg     . . .     Spirit   .   K - +0 leather armour
rPois    .         Reflect  .   (no helmet)
rElec    +         Harm     .   (no cloak)
rCorr    +         Rampage  .   (no gloves)
Will     .....                  (no barding)
Stlth    ++........             (no amulet)
HPRegen  0.21/turn              C - ring of resist corrosion
MPRegen  0.11/turn              (no ring)

@: curled up
A: large, rugged brown scales 3, see invisible, deformed body, roll 1, armoured
tail, reflexive curl
a: Rolling Charge


You were on level 5 of the Dungeon.
You visited 1 branch of the dungeon, and saw 5 of its levels.
You also visited: Sewer and Ossuary.

You collected 109 gold pieces.

Inventory:

Hand Weapons
 a - a +2 hand axe of electrocution
 b - the +11 whip "Etofuip" (weapon) {speed, rElec rCorr Int+2 Dex-5}
   (You found it on level 4 of the Dungeon)

   Attacks with this weapon are significantly faster.
   Int:       It affects your intelligence (+2).
   Dex:       It affects your dexterity (-5).
   rElec:     It insulates you from electricity.
   rCorr:     It protects you from acid and corrosion.
 j - a +0 mace
 y - a +2 dagger of venom
 A - a +2 dagger of speed
 I - the +4 great sword of Governance {drain, +Blink Will++ Str-3}
   (You found it on level 4 of the Dungeon)

   A truly terrible weapon, it drains the life of any living foe it strikes.
   Str:       It affects your strength (-3).
   +Blink:    It lets you blink.
   Will:      It greatly increases your willpower.
Missiles
 m - 42 stones
 t - 13 poisoned darts (quivered)
 u - 7 javelins
 B - 46 sling bullets
 L - 5 boomerangs
Armour
 E - a +0 scale mail
 K - a +0 leather armour (worn)
Jewellery
 l - a ring of wizardry
 C - a ring of resist corrosion (left hand)
Wands
 g - a wand of digging (3)
 F - a wand of paralysis (13)
Scrolls
 c - 3 scrolls of fog
 d - 2 scrolls of magic mapping
 e - 2 scrolls of amnesia
 k - 3 scrolls of enchant weapon
 q - 3 scrolls of fear
 r - a scroll of summoning {unknown}
 v - a scroll of noise {unknown}
 w - 5 scrolls of identify {unknown}
 x - 2 scrolls of immolation {unknown}
 D - 3 scrolls of teleportation {unknown}
 G - a scroll of acquirement {unknown}
 J - a scroll of vulnerability {unknown}
Potions
 f - 2 potions of haste
 h - 4 potions of lignification {unknown}
 i - a potion of brilliance {unknown}
 n - a potion of attraction {unknown}
 o - 3 potions of invisibility {unknown}
 p - 3 potions of mutation {unknown}
 s - a potion of might {unknown}
 H - a potion of heal wounds {unknown}


   Skills:
 + Level 5.6 Fighting
 * Level 8.1(8.2) Axes
 - Level 2.0(5.4) Maces & Flails
 - Level 1.5 Dodging
 - Level 3.3 Stealth


You had 7 spell levels left.
You didn't know any spells.
Your spell library contained the following spells:

 Spells                   Type           Power      Damage    Failure   Level
 Ignite Poison            Fire/Tmut/Pois 0%         N/A       73%         3
 Mephitic Cloud           Conj/Pois/Air  0%         N/A       73%         3
 Bolt of Magma            Conj/Fire/Erth 0%         4d4       100%        5


Dungeon Overview and Level Annotations

Branches:
Dungeon (5/15)              Sewer (visited)         Ossuary (visited)
 Temple: D:4-7

Altars:
Qazlal
Ru
Uskayaw
The Shining One

Annotations:
D:5 exclusions: orc and orc priest, Dowan


Innate Abilities, Weirdness & Mutations

You are completely covered in rugged brown scales. (AC +3, +7% HP)
You have supernaturally acute eyesight. (SInv)
Armour fits poorly on your strangely shaped body.
You can roll at nearby foes to attack.
You have a long armoured tail.
You curl defensively after being hit.


Message History

You hit Duvessa.
Duvessa is heavily wounded.
You hit Duvessa.
Duvessa is severely wounded.
Duvessa barely misses you.
You closely miss Duvessa.
Duvessa is severely wounded.
Duvessa hits you with a +0 short sword!
You barely miss Duvessa.
Duvessa is severely wounded.
You whack Duvessa!
Duvessa is almost dead.
Duvessa hits you with a +0 short sword.
You whack Duvessa!
You kill Duvessa!
Dowan seems overcome with grief, but rights himself reflexively soon after.
Dowan seems to find hidden reserves of power!
Dowan breathes, "And she was my only..."
Your Axes skill increases to level 8!
You have reached level 8!
You feel stronger.
You hit Dowan.
Your tail-slap misses Dowan.
Dowan is lightly wounded.
You barely miss Dowan.
Dowan is lightly wounded.
Dowan gestures at you while chanting. The shard of ice hits you!!
* * * LOW HITPOINT WARNING * * *
You whack Dowan!
Dowan is heavily wounded.
Dowan hits you with a +0 dagger.
* * * LOW HITPOINT WARNING * * *
You completely miss Dowan.
Dowan is heavily wounded.
Dowan hits you with a +0 dagger.
* * * LOW HITPOINT WARNING * * *
You feel better. Dowan casts a spell at you. The shard of ice hits you!!
You die...

#.# ########### #.#
#.........# #.# #.#######.#
#.# #.# #####.#####.##
####### #.# #............##
#.....#
#.###.###.###...#.###...<.#
#.........# ##.###........#
#####.##### ##.#[###.....#
#.# #..## #.....# #.# #@##
###.### #.# ##e## #.# #.#
##...## #.# ..# ##.....##
#.### ## #.#
#.......####.#.###.# #####o
#(.......8..#......#.
......
'...).............#.#
#.....
##......8...8##...##.# ##o
.(#...e......###.###.#
#.##......8........#.#
##...####.#####.#.#


You could see Dowan (fast).

Vanquished Creatures
  Duvessa (D:5)
  A necrophage (D:4)
  An ogre (D:5)
  An elf zombie (Ossuary)
  A water moccasin zombie (D:4)
  A water moccasin skeleton (D:4)
  A centaur zombie (Ossuary)
  3 orc priests
  2 iguanas (D:5)
  3 scorpion zombies (D:4)
  An orc wizard (D:4)
  3 hound zombies (D:4)
  A hound skeleton (D:4)
  2 mummies (Ossuary)
  8 adders
  A howler monkey skeleton (D:4)
  4 river rats (Sewer)
  A shadow imp (D:5)
  An ufetubus (D:4)
  3 adder zombies
  An adder skeleton (D:4)
  2 worms
  3 dart slugs (D:1)
  14 orcs
  5 bats
  8 endoplasms
  8 giant cockroaches
  7 goblins
  4 hobgoblins
  5 jackals
  A quokka (D:4)
  5 ball pythons
  9 frilled lizards
  A goblin zombie (Ossuary)
  10 hobgoblin zombies (Ossuary)
  2 jackal zombies (Ossuary)
  6 kobolds
  7 kobold zombies (Ossuary)
  10 orc zombies (Ossuary)
  13 rats
  3 rat zombies (Ossuary)
164 creatures vanquished.

Vanquished Creatures (others)
  4 withered plants (D:4)
4 creatures vanquished.

Grand Total: 168 creatures vanquished

Notes
Turn   | Place    | Note
-------+----------+-------------------------------------------
     0 | D:5      | grimtooth the Palentonga Delver began the quest for the
                  | Orb.
     0 | D:5      | Reached XP level 1. HP: 19/19 MP: 1/1
    54 | D:5      | Noticed an orc priest
   118 | D:5      | Found a stormy altar of Qazlal.
   127 | D:5      | Noticed an ogre
   132 | D:5      | Killed an ogre
   133 | D:5      | Reached skill level 3 in Axes
   133 | D:5      | Reached XP level 2. HP: 26/26 MP: 2/2
   133 | D:5      | Reached XP level 3. HP: 32/32 MP: 3/3
   133 | D:5      | Reached XP level 4. HP: 39/39 MP: 4/4
   229 | D:5      | Found a sand-covered staircase.
   232 | D:5      | Noticed Duvessa
   232 | D:5      | Noticed Dowan
   247 | Ossuary  | Entered an ossuary
   908 | Ossuary  | Reached XP level 5. HP: 37/44 MP: 5/5
   940 | Ossuary  | Reached skill level 4 in Axes
  1159 | Ossuary  | Reached skill level 5 in Axes
  1433 | D:4      | Noticed a necrophage
  1472 | D:4      | Killed a necrophage
  1473 | D:4      | Reached XP level 6. HP: 32/51 MP: 6/6
  1684 | D:3      | Found a glowing drain.
  1698 | Sewer    | Entered a sewer
  2023 | Sewer    | Reached skill level 6 in Axes
  2196 | D:2      | Found a faded altar of an unknown god.
  4039 | D:3      | Found a glowing golden altar of the Shining One.
  4120 | D:3      | Found a sacrificial altar of Ru.
  4131 | D:3      | Found a hide-covered altar of Uskayaw.
  4969 | D:4      | Gained mutation: You curl defensively after being hit.
                  | [Palentonga growth]
  4969 | D:4      | Reached XP level 7. HP: 53/58 MP: 7/7
  5285 | D:4      | Identified the +4 great sword of Governance {drain, +Blink
                  | Will++ Str-3}
  5333 | D:4      | Reached skill level 7 in Axes
  5520 | D:4      | Reached skill level 5 in Fighting
  6232 | D:4      | Identified the +11 whip "Etofuip" {speed, rElec rCorr Int+2
                  | Dex-5}
  6988 | D:5      | Killed Duvessa
  6989 | D:5      | Reached skill level 8 in Axes
  6989 | D:5      | Reached XP level 8. HP: 39/67 MP: 8/8
  6993 | D:5      | Killed from afar by Dowan

Illustrated notes

Levels and vault maps discovered:
D:1:      dpeg_arrival_connections, layout_loops_ring, serial_bayou_pond_e
D:2:      minmay_angry_zag, layout_loops_corners, ebering_ecumenical_altar_box
D:3:      layout_loops_corners, lemuel_round_altar,
          mainiacjoe_overflow_big_doors, portal_sewer_entry_f
D:4:      layout_cave_pods, serial_undead, serial_undead_d, serial_undead_f,
          serial_undead_b, serial_undead_d, serial_undead_a, serial_undead_e,
          serial_park_tiny_1
D:5:      layout_loops_corners, grunt_qazlal_clouds,
          nicolae_ossuary_entry_monument, chequers_serial_rivers_small_b,
          uniq_duvessa

Skill      XL: |  1  2  3  4  5  6  7 |
---------------+----------------------+-----
Axes           | 3 5 6 8 |  8.1
Fighting       | 4 5 |  5.6
Maces & Flails | |  2.0
Dodging        | |  1.5
Stealth        | |  3.3

Action                   |  1- 3 |  4- 6 |  7- 9 || total
-------------------------+-------+-------+-------++-------
Melee: Hand axe          |     3 |   248 |    76 ||   327
       Tailslap          |       |    26 |    10 ||    36
       Whip              |       |       |    30 ||    30
Throw: Dart              |       |    20 |    23 ||    43
 Abil: Rolling Charge    |     1 |    42 |    21 ||    64
  Use: Potion            |       |     4 |     1 ||     5
       Scroll            |       |     3 |       ||     3
 Stab: Sleeping          |       |     6 |       ||     6
Armor: Leather armour    |       |    78 |    23 ||   101
Dodge: Dodged            |     2 |   106 |    26 ||   134
